 Dungeon Crawl Stone Soup version 0.22.1-1-ga44c0e56f4 (webtiles) character file.

9973 Morbidden the Cleaver (level 11, 0/97 HPs)
             Began as a Naga Fighter on Oct 15, 2018.
             Was the Champion of Cheibriados.
             Killed from afar by Nergalle (32 damage)
             ... with a bolt of negative energy
             ... on level 10 of the Dungeon.
             The game lasted 00:22:54 (9420 turns).

Morbidden the Cleaver (Naga Fighter)                Turns: 9420, Time: 00:22:54

Health: 0/97       AC:  9    Str: 36    XL:     11   Next: 54%
Magic:  16/16      EV:  7    Int: 24    God:    Cheibriados [******]
Gold:   516        SH: 13    Dex: 26    Spells: 10/10 levels left

rFire    . . .     SeeInvis +   l - +4 war axe
rCold    + + +     Gourm    .   c - +1 shield
rNeg     . . .     Faith    .   r - +4 skin of Zhor {rC+++}
rPois    +         Spirit   .   d - +0 helmet
rElec    .         Reflect  .   (no cloak)
rCorr    .         Harm     .   (no gloves)
MR       +....                  (no barding)
Stlth    ++........             (no amulet)
HPRegen  0.26/turn              o - ring of poison resistance
MPRegen  0.15/turn              (no ring)

@: very heavily drained, very slow
A: large, see invisible, deformed body, poison resistance, slowness 2, slow
metabolism 1, spit poison 1, AC +3
a: Spit Poison, Bend Time, Temporal Distortion, Slouch, Step From Time, Renounce
Religion


You were on level 10 of the Dungeon.
You worshipped Cheibriados.
Cheibriados was exalted by your worship.
You were very hungry.

You visited 1 branch of the dungeon, and saw 10 of its levels.

You collected 516 gold pieces.

Inventory:

Hand Weapons
 l - a +4 war axe (weapon)
 y - a +0 morningstar
Missiles
 h - 2 tomahawks of returning (quivered)
Armour
 c - a +1 shield (worn)
 d - a +0 helmet (worn)
 r - the +4 skin of Zhor (worn) {rC+++}
   (You found it on level 6 of the Dungeon)

   It renders you almost immune to cold.
Jewellery
 o - a ring of poison resistance (left hand)
Wands
 v - a wand of polymorph (13)
Scrolls
 a - 2 scrolls of enchant armour
 g - 4 scrolls of amnesia
 i - a scroll of enchant weapon {unknown}
 j - a scroll of noise {unknown}
 k - 8 scrolls of remove curse
 m - 2 scrolls of fog
 n - 7 scrolls of teleportation
 p - a scroll of immolation
 q - 2 scrolls of fear
 x - a scroll of acquirement {unknown}
 A - 2 scrolls of identify
Potions
 b - 5 potions of curing
 e - 2 potions of might
 s - a potion of magic
 t - a potion of resistance {unknown}
 u - 2 potions of lignification
 w - a potion of brilliance {unknown}
 z - a potion of haste
Comestibles
 f - 25 rations


   Skills:
 + Level 5.8(2.1) Fighting
 * Level 12.6(8.2) Axes
 + Level 4.2(0.6) Armour
 + Level 3.3(0.0) Dodging
 + Level 2.9(0.0) Stealth
 + Level 5.8(2.1) Shields
 * Level 7.5(3.7) Invocations


You had 10 spell levels left.
You didn't know any spells.
Your spell library contained the following spells:

 Spells                   Type           Power        Failure   Level  Hunger
 Magic Dart               Conj           #...         54%         1    ##.....
 Sandblast                Erth           #.....       54%         1    ##.....
 Passwall                 Tmut/Erth      #.......     67%         2    ###....
 Searing Ray              Conj           #.....       67%         2    ###....
 Dazzling Spray           Conj/Hex       #.....       88%         3    ####...
 Stone Arrow              Conj/Erth      #.....       88%         3    ####...
 Force Lance              Conj/Tloc      #.......     99%         4    #####..
 Fulminant Prism          Conj/Hex       #.........   99%         4    #####..
 Iskenderun's Mystic Bla  Conj           #.......     99%         4    #####..
 Petrify                  Tmut/Erth      #.......     99%         4    #####..
 Lee's Rapid Deconstruct  Erth           #.........   100%        5    ######.


Dungeon Overview and Level Annotations

Branches:
Dungeon (10/15)            Temple (0/1) D:6
   Lair: D:8-11         Orc: D:9-12

Altars:
Ashenzari
Cheibriados
Dithmenos
Fedhas
Gozag
Kikubaaqudgha
Makhleb
Nemelex Xobeh
Okawaru
Qazlal
Sif Muna
Trog
Wu Jian
Xom
Yredelemnul

Shops:
D:9 *(::*

Annotations:
D:10 Nergalle


Innate Abilities, Weirdness & Mutations

You cannot wear boots.
Your serpentine skin is tough. (AC +3)
You have supernaturally acute eyesight. (SInv)
Armour fits poorly on your strangely shaped body.
Your system is resistant to poisons. (rPois)
You cover ground very slowly.
You have a slow metabolism.
You can spit poison.


Message History

The spectral orc hits you but does no damage.
The crimson imp blinks!
Nergalle hits you but does no damage.
You slash Nergalle!
Nergalle is heavily wounded.
You hit the spectral orc. You block the spectral orc's attack.
You block Nergalle's attack. The spectral orc barely misses you.
You slash Nergalle!
Nergalle is severely wounded.
You slash the spectral orc!
You destroy the spectral orc!
You have got your breath back.
Nergalle casts a spell at you. The bolt of negative energy hits you!
You feel drained. You block Nergalle's attack.
You barely miss Nergalle.
Nergalle is severely wounded.
Nergalle is no longer moving quickly.
Nergalle points at you and mumbles some strange words.
The bolt of negative energy hits you!
You feel drained.
You die...

##.# ####+#### # #..# #
#.## # ###'## # #....# #
#....# # #....# . ###
#....#########5...
'.#####....'....@oooo...
#.....'....#########l...
#######....# . # #....#
######


You could see Nergalle, an iguana, a crimson imp (invisible) and 3 orcs.

Vanquished Creatures
  Erica (D:10)
  2 two-headed ogres
  Pikel (D:6)
  2 trolls
  Grinder (D:4)
  2 hippogriffs
  Sigmund (D:3)
  A wyvern (D:9)
  A yak (D:7)
  3 hogs (D:7)
  A human (D:7)
  A hungry ghost (D:7)
  2 chaos spawn (D:8)
  Menkaure (D:7)
  3 water moccasins
  Duvessa (D:7)
  An orc warrior (D:9)
  2 ice beasts
  3 slaves
  4 sky beasts
  5 ogres
  2 necrophages
  10 centaurs
  A crocodile (D:9)
  2 big kobolds
  2 bullfrogs (D:6)
  A gnoll sergeant (D:9)
  Dowan (D:7)
  7 wights
  2 howler monkeys (D:7)
  4 crimson imps
  2 quasits
  9 hounds
  A jelly (D:9)
  6 orc priests
  A bullfrog skeleton (D:6)
  2 centaur skeletons
  An iguana (D:7)
  9 worker ants
  15 orc wizards
  Robin (D:4)
  A howler monkey zombie (D:8)
  6 gnolls
  14 adders
  2 shadow imps
  2 oozes
  4 adder skeletons
  2 adder zombies
  3 dart slugs
  6 leopard geckos
  40 orcs
  2 ball pythons
  5 giant cockroaches
  17 goblins
  16 hobgoblins
  13 jackals
  9 quokkas
  11 bats
  4 frilled lizards
  16 kobolds
  A leopard gecko skeleton (D:4)
  8 rats
300 creatures vanquished.

Vanquished Creatures (others)
  A bullfrog (D:7)
  A kobold (D:7)
  2 fire vortices (D:8)
4 creatures vanquished.

Grand Total: 304 creatures vanquished

Notes
Turn   | Place    | Note
-------+----------+-------------------------------------------
     0 | D:1      | Morbidden the Naga Fighter began the quest for the Orb.
     0 | D:1      | Reached XP level 1. HP: 21/21 MP: 1/1
   103 | D:1      | Reached XP level 2. HP: 22/28 MP: 2/2
   437 | D:1      | Reached skill level 3 in Axes
   444 | D:1      | Reached XP level 3. HP: 33/34 MP: 3/3
   721 | D:2      | Reached XP level 4. HP: 26/42 MP: 4/4
   815 | D:2      | Found a snail-covered altar of Cheibriados.
   832 | D:2      | Became a worshipper of Cheibriados the Contemplative
  1042 | D:2      | Reached skill level 4 in Axes
  1341 | D:3      | Reached XP level 5. HP: 24/49 MP: 5/5
  1535 | D:3      | Reached skill level 1 in Invocations
  1538 | D:3      | Reached * piety under Cheibriados
  1918 | D:3      | Reached ** piety under Cheibriados
  1931 | D:3      | Noticed Sigmund
  1939 | D:3      | Killed Sigmund
  1939 | D:3      | Reached skill level 5 in Axes
  1939 | D:3      | Reached XP level 6. HP: 31/56 MP: 7/7
  1989 | D:3      | Found a burning altar of Makhleb.
  2279 | D:4      | Reached XP level 7. HP: 42/62 MP: 8/8
  2446 | D:4      | Noticed Grinder
  2459 | D:4      | Reached *** piety under Cheibriados
  2459 | D:4      | Reached skill level 6 in Axes
  2474 | D:4      | Killed Grinder
  2862 | D:4      | Noticed Robin
  2866 | D:4      | Reached XP level 8. HP: 50/72 MP: 10/10
  2872 | D:4      | Reached skill level 7 in Axes
  2874 | D:4      | Killed Robin
  3196 | D:5      | Entered Level 5 of the Dungeon
  3318 | D:5      | Reached **** piety under Cheibriados
  3708 | D:5      | Reached skill level 8 in Axes
  4202 | D:6      | Found a staircase to the Ecumenical Temple.
  4289 | D:6      | Reached XP level 9. HP: 78/78 MP: 12/12
  4501 | D:6      | Found the +4 skin of Zhor {rC+++}
  4590 | D:6      | Reached skill level 9 in Axes
  5237 | D:7      | Reached ***** piety under Cheibriados
  5487 | D:7      | Noticed Duvessa
  5487 | D:7      | Noticed Dowan
  5492 | D:7      | Killed Dowan
  5493 | D:7      | Killed Duvessa
  5493 | D:7      | Reached skill level 5 in Invocations
  5781 | D:7      | Noticed Menkaure
  5788 | D:7      | HP: 1/118 [Menkaure (14)]
  5792 | D:7      | Killed Menkaure
  6109 | D:7      | Reached skill level 10 in Axes
  6109 | D:7      | Reached skill level 1 in Dodging
  6326 | D:7      | Noticed a troll
  6329 | D:7      | Killed a troll
  6329 | D:7      | Reached XP level 10. HP: 72/87 MP: 14/14
  6402 | D:7      | Noticed Pikel
  6451 | D:6      | Killed Pikel
  6451 | D:6      | Reached skill level 5 in Fighting
  6643 | D:7      | Reached skill level 11 in Axes
  6645 | D:7      | Reached skill level 5 in Shields
  7136 | D:8      | Noticed a two-headed ogre
  7145 | D:8      | Killed a two-headed ogre
  7145 | D:8      | Reached skill level 1 in Stealth
  7344 | D:8      | Found a shimmering altar of Xom.
  7379 | D:8      | Found the +7 mace of Variability {chain chaos}
  7740 | D:8      | Found a basalt altar of Yredelemnul.
  7740 | D:8      | Found a deep blue altar of Sif Muna.
  7783 | D:8      | Reached XP level 11. HP: 90/96 MP: 16/16
  7966 | D:8      | Reached skill level 12 in Axes
  8109 | D:9      | Found a stormy altar of Qazlal.
  8110 | D:9      | Found a blossoming altar of Fedhas.
  8111 | D:9      | Found an iron altar of Okawaru.
  8136 | D:9      | Found an ornate altar of the Wu Jian Council.
  8268 | D:9      | Found a shattered altar of Ashenzari.
  8268 | D:9      | Found an opulent altar of Gozag.
  8280 | D:9      | Reached ****** piety under Cheibriados
  8301 | D:9      | Found Keocoh's Book Shoppe.
  8306 | D:9      | Found Kion's General Store.
  8308 | D:9      | Found Ruthrahe's Antique Weapon Shoppe.
  8312 | D:9      | Found Lapor's Book Shoppe.
  8314 | D:9      | Noticed a two-headed ogre
  8434 | D:9      | Killed a two-headed ogre
  8469 | D:9      | Found Egoaq's Assorted Antiques.
  8552 | D:9      | Found a shadowy altar of Dithmenos.
  8553 | D:9      | Found an ancient bone altar of Kikubaaqudgha.
  8553 | D:9      | Found a sparkling altar of Nemelex Xobeh.
  9015 | D:9      | Found a bloodstained altar of Trog.
  9066 | D:10     | Entered Level 10 of the Dungeon
  9105 | D:10     | Noticed Erica
  9116 | D:10     | Killed Erica
  9384 | D:10     | Noticed Nergalle
  9386 | D:10     | Noticed a spectral orc warlord
  9420 | D:10     | Killed from afar by Nergalle

Skill      XL: |  1  2  3  4  5  6  7  8  9 10 11 |
---------------+----------------------------------+-----
Axes           | 3 4 5 6 8 10 11 12 | 12.6
Invocations    | 2 3 4 5 6 7 |  7.5
Armour         | 3 4 |  4.2
Shields        | 3 4 5 |  5.8
Fighting       | 4 5 |  5.8
Dodging        | 1 2 3 |  3.3
Stealth        | 1 2 |  2.9

Action                   |  1- 3 |  4- 6 |  7- 9 | 10-12 || total
-------------------------+-------+-------+-------+-------++-------
Melee: War axe           |    94 |   110 |   216 |   285 ||   705
Invok: Bend Time         |       |       |     1 |       ||     1
       Slouch            |       |       |     1 |       ||     1
 Abil: Spit Poison       |     4 |     8 |     9 |     8 ||    29
Evoke: Wand              |       |       |       |     3 ||     3
  Use: Scroll            |     2 |     4 |     1 |     5 ||    12
       Potion            |       |     1 |     7 |       ||     8
 Stab: Sleeping          |       |       |       |     8 ||     8
  Eat: Chunk             |       |     3 |    10 |     4 ||    17
       Ration            |       |       |       |     1 ||     1
Armor: Scale mail        |    30 |       |       |       ||    30
       Plate armour      |    68 |    77 |    55 |       ||   200
       Chain mail        |       |       |    28 |       ||    28
       Animal skin       |       |       |    38 |   100 ||   138
Dodge: Dodged            |    18 |    13 |    82 |    83 ||   196
Block: Shield            |    69 |    76 |   177 |   228 ||   550
